 Dungeon Crawl Stone Soup version 0.29-a0-384-g6960b1960d (webtiles) character file.

Game seed: 10749503833842032967

71 holysushi the Insei (level 4, 35/35 HPs)
             Began as a Demonspawn Monk on May 7, 2022.
             Quit the game on level 2 of the Dungeon.
             The game lasted 00:02:20 (1474 turns).

holysushi the Insei (Demonspawn Monk)               Turns: 1474, Time: 00:02:20

Health: 35/35      AC:  3    Str: 14    XL:     4   Next: 5%
Magic:  4/4        EV: 13    Int: 11    God:
Gold:   21         SH:  0    Dex: 15    Spells: 3/3 levels left

rFire   . . .      SeeInvis .     - Unarmed
rCold   . . .      Faith    .   (no shield)
rNeg    . . .      Spirit   .   a - +0 robe
rPois   .          Reflect  .   (no helmet)
rElec   .          Harm     .   (no cloak)
rCorr   .          Rampage  .   (no gloves)
Will    .....                   (no boots)
Stlth   ++........              (no amulet)
HPRegen 0.11/turn               (no ring)
MPRegen 0.09/turn               (no ring)

@: no status effects
A: hooves 1, sharp scales 1
a: no special abilities


You were on level 2 of the Dungeon.
You visited 1 branch of the dungeon, and saw 2 of its levels.

You collected 21 gold pieces.

Inventory:

Armour
 a - a +0 robe (worn)
 c - a +0 helmet
Scrolls
 f - a scroll of teleportation {unknown}
 g - a scroll of identify {unknown}
 h - a scroll of fear {unknown}
 i - a scroll of immolation {unknown}
Potions
 b - a potion of ambrosia
 d - 2 potions of mutation {unknown}
 e - a potion of lignification {unknown}
 j - a potion of invisibility {unknown}
 k - 2 potions of curing {unknown}


   Skills:
 - Level 3.0 Fighting
 - Level 2.7 Dodging
 - Level 1.8 Stealth
 + Level 4.4 Unarmed Combat


You had 3 spell levels left.
You didn't know any spells.
Your spell library contained the following spells:

 Spells                   Type           Power      Damage    Failure   Level
 Animate Skeleton         Necr           0%         N/A       34%         1
 Pain                     Necr           0%         1d4       34%         1
 Vampiric Draining        Necr           0%         2d6       71%         3


Dungeon Overview and Level Annotations

Branches:
Dungeon (2/15)

Altars:


Innate Abilities, Weirdness & Mutations

You have large cloven feet.
You are partially covered in razor-sharp scales. (AC +1, Slay +1)


Message History

You swing at nothing.
You swing at nothing.
You swing at nothing.
You swing at nothing.
You punch the endoplasm!
You kill the endoplasm!
You swing at nothing.
Found an escape hatch in the floor.
Found a chain mail.
The adder hisses angrily.
You barely miss the adder. The adder closely misses you.
You closely miss the adder. You punch the adder.
The adder is lightly wounded.
The adder bites you.
You punch the adder!
The adder is almost dead.
The adder barely misses you.
You miss the adder.
The adder is almost dead.
The adder bites you but does no damage. The adder misses you.
You miss the adder.
The adder is almost dead.
The adder barely misses you.
You closely miss the adder.
The adder is almost dead.
The adder closely misses you.
You barely miss the adder. Your punch misses the adder.
The adder is almost dead.
The adder bites you.
You hit the adder but do no damage.
The adder is almost dead.
The adder bites you but does no damage. x2
You hit the adder.
You kill the adder!
You have reached level 4!
You feel stronger.
Your demonic ancestry asserts itself...
Your feet thicken and deform.
You see here an adder corpse.
k - 2 fuming dark potions Are you sure you want to abandon this character and quit the game? (Confirm with "yes".)

.?....#.........###
.......#...........#
...<......†.# #.#
......$.....# #.#
............# #.#
............# ####.#
#..........###....#
#...........# ##.###
#.....@.....# #....#
###...###.#....#.##.#
#... #.######.##.#
#... #.#.......#.#
#... #.#.#######.#
#... #...# #.# #...
####### #.# #...
#.....# #.#
#.###.#####.#


There were no monsters in sight!

Vanquished Creatures
  A hound (D:2)
  An adder (D:2)
  A dart slug (D:1)
  2 endoplasms
  2 giant cockroaches (D:1)
  2 goblins (D:1)
  3 hobgoblins (D:1)
  2 jackals (D:1)
  4 kobolds (D:1)
  2 quokkas (D:1)
  3 ball pythons (D:1)
  4 bats
  A frilled lizard (D:1)
  3 rats (D:1)
31 creatures vanquished.

Vanquished Creatures (others)
  11 plants (D:1)
  10 withered plants (D:1)
21 creatures vanquished.

Grand Total: 52 creatures vanquished

Notes
Turn   | Place    | Note
-------+----------+-------------------------------------------
     0 | D:1      | holysushi the Demonspawn Monk began the quest for the Orb.
     0 | D:1      | Reached XP level 1. HP: 18/18 MP: 1/1
   282 | D:1      | Reached skill level 3 in Unarmed Combat
   330 | D:1      | Gained mutation: You are partially covered in razor-sharp
                  | scales. (AC +1, Slay +1) [demonic ancestry]
   330 | D:1      | Reached XP level 2. HP: 15/24 MP: 2/2
   806 | D:1      | Found a faded altar of an unknown god.
   883 | D:1      | Reached XP level 3. HP: 28/29 MP: 3/3
  1145 | D:2      | Reached skill level 4 in Unarmed Combat
  1455 | D:2      | Gained mutation: You have large cloven feet. [demonic
                  | ancestry]
  1455 | D:2      | Reached XP level 4. HP: 34/35 MP: 4/4
  1474 | D:2      | Quit the game

Illustrated notes

Levels and vault maps discovered:
D:1:      saegor_arrival_miasma, layout_rooms,
          shapermc_ecumenical_altar_flowoftime, hangedman_decor_lopped,
          nicolae_figureground_pulse
D:2:      layout_basic, minmay_crystal_water, uniq_robin, uniq_sigmund

Skill      XL: |  1  2  3 |
---------------+----------+-----
Unarmed Combat | 3 4 |  4.4
Fighting       | |  3.0
Dodging        | |  2.7
Stealth        | |  1.8

Action                   |  1- 3 |  4- 6 || total
-------------------------+-------+-------++-------
Melee: Unarmed           |   141 |       ||   141
       Punch             |     4 |       ||     4
 Stab: Sleeping          |     2 |       ||     2
Armor: Robe              |    25 |       ||    25
Dodge: Dodged            |    87 |       ||    87

Table legend: (Time is in decaauts)
 A = Elapsed time spent in this place.
 B = Non-inter-level travel time spent in this place.
 C = Inter-level travel time spent in this place.
 D = Time resting spent in this place.
 E = Time spent auto-exploring this place.
 F = Levels seen in this place.
 G = Mean time per level.
                   A        B        C        D        E       F      G
               +--------+--------+--------+--------+--------+-----+--------+
         Total |   1464 |   1462 |      2 |    624 |    415 |   2 |  732.0 |
       Dungeon |   1464 |   1462 |      2 |    624 |    415 |   2 |  732.0 |
               +--------+--------+--------+--------+--------+-----+--------+

Top non-repeatable levels by time:
     D:1: 1116 daAuts
     D:2: 347 daAuts
